 Dungeon Crawl Stone Soup version 0.26-a0-661-g406de6ba63 (webtiles) character file.

Game seed: 17936094050880510491

39 tacoguy the Grasshopper (level 3, -7/18 HPs)
             Began as a Spriggan Warper on Oct 8, 2020.
             Mangled by a worm (13 damage)
             ... on level 2 of the Dungeon.
             The game lasted 00:04:55 (1513 turns).

tacoguy the Grasshopper (Spriggan Warper)           Turns: 1513, Time: 00:04:56

Health: -7/18      AC:  6    Str: 13    XL:     3   Next: 26%
Magic:  8/8        EV: 19    Int: 14    God:
Gold:   47         SH:  0    Dex: 16    Spells: 8/8 levels left

rFire    . . .     SeeInvis +   j - +0 short sword
rCold    . . .     Faith    .   (shield restricted)
rNeg     . . .     Spirit   .   b - +0 robe
rPois    .         Reflect  .   (helmet restricted)
rElec    .         Harm     .   (no cloak)
rCorr    .         Rampage  .   (gloves unavailable)
MR       .....                  (boots unavailable)
Stlth    ++........             (no amulet)
HPRegen  0.06/turn              c - +6 ring of strength
MPRegen  0.11/turn              g - +4 ring of protection

@: very quick
A: very small, unfitting armour, see invisible, speed 3
a: no special abilities


You were on level 2 of the Dungeon.
You visited 1 branch of the dungeon, and saw 2 of its levels.

You collected 47 gold pieces.

Inventory:

Hand Weapons
 j - a +0 short sword (weapon)
Missiles
 e - 5 boomerangs of dispersal (quivered)
Armour
 a - a +0 helmet
 b - a +0 robe (worn)
Jewellery
 c - a +6 ring of strength (left hand)
 g - a +4 ring of protection (right hand)
Scrolls
 d - a scroll of blinking
 f - 2 scrolls of identify {unknown}
 h - a scroll of random uselessness {unknown}
 k - a scroll of enchant weapon {unknown}
 l - a scroll of magic mapping {unknown}
Potions
 i - a potion of heal wounds {unknown}


   Skills:
 + Level 2.0 Fighting
 + Level 0.8 Short Blades
   Level 1.4 Maces & Flails
 + Level 1.0 Throwing
 + Level 4.1 Dodging
 - Level 1.3 Stealth
 + Level 3.3 Spellcasting
   Level 4.4 Translocations


You had 8 spell levels left.
You didn't know any spells.
Your spell library contained the following spells:

 Spells                   Type           Power        Failure   Level
 Blink                    Tloc           N/A          5%          2
 Gell's Gravitas          Tloc           ##........   11%         3
 Lesser Beckoning         Tloc           ##........   11%         3
 Teleport Other           Tloc           ##......     11%         3
 Passage of Golubria      Tloc           N/A          34%         4


Dungeon Overview and Level Annotations

Branches:
Dungeon (2/15)

Altars:
Trog


Innate Abilities, Weirdness & Mutations

You are very small and have problems with some larger weapons.
You are too small for most types of armour.
You have supernaturally acute eyesight. (SInv)
You cover ground extremely quickly.


Message History

The worm is lightly wounded.
The rat bites you but does no damage. The worm bites you!
The rat completely misses you. The rat misses you.
You hit the worm.
The worm is lightly wounded.
The rat completely misses you. The worm misses you. The rat barely misses you.
The rat misses you.
You hit the worm.
The worm is moderately wounded.
The rat bites you but does no damage. The rat closely misses you.
The worm barely misses you. The rat closely misses you.
The rat completely misses you.
You hit the worm but do no damage.
The worm is moderately wounded.
The rat bites you. The worm completely misses you. The rat closely misses you.
You hit the worm.
The worm is moderately wounded.
The rat completely misses you. The rat bites you. The worm bites you!
Ouch! That really hurt!
You die...

###...###
##))...).##
#)..._....#
##.........##
#....###....#
#...##y##...#
#..rw###....####
#..r@.......#..#
##.........##..#
##.......####.#
####.#######.######
#†###...#.......
#..##.#...######
##[##...### ##
#.###.## ##.
#.###.#######..


You could see a moth of wrath, a worm (berserk) and 2 rats.

Vanquished Creatures
  An ooze (D:2)
  A worm (D:2)
  4 dart slugs
  A bat (D:2)
  3 giant cockroaches
  A goblin (D:1)
  4 hobgoblins (D:1)
  2 kobolds (D:1)
  6 rats
23 creatures vanquished.

Notes
Turn   | Place    | Note
-------+----------+-------------------------------------------
     0 | D:1      | tacoguy the Spriggan Warper began the quest for the Orb.
     0 | D:1      | Reached XP level 1. HP: 10/10 MP: 5/5
   467 | D:1      | Reached XP level 2. HP: 15/15 MP: 7/7
  1237 | D:2      | Reached skill level 1 in Stealth
  1237 | D:2      | Reached XP level 3. HP: 17/18 MP: 8/8
  1422 | D:2      | Noticed a moth of wrath
  1425 | D:2      | Found a bloodstained altar of Trog.
  1513 | D:2      | Mangled by a worm

Illustrated notes

Levels and vault maps discovered:
D:1:      dpeg_arrival_refuge, layout_rooms
D:2:      layout_loops_ring, tgw_trog

Skill      XL: |  1  2 |
---------------+-------+-----
Spellcasting   | 3 |  3.3
Fighting       | 2 |  2.0
Dodging        | 4 |  4.1
Stealth        | 1 |  1.3
Short Blades   | |  0.8
Maces & Flails | |  1.4
Throwing       | |  1.0
Translocations | |  4.4

Action                   || total
-------------------------++-------
Melee: Mace              ||    23
       Short sword       ||    90
Armor: Robe              ||    31
Dodge: Dodged            ||   108

Table legend: (Time is in decaauts)
 A = Elapsed time spent in this place.
 B = Non-inter-level travel time spent in this place.
 C = Inter-level travel time spent in this place.
 D = Time resting spent in this place.
 E = Time spent auto-exploring this place.
 F = Levels seen in this place.
 G = Mean time per level.
                   A        B        C        D        E       F      G
               +--------+--------+--------+--------+--------+-----+--------+
         Total |   1316 |   1294 |     22 |    841 |    201 |   2 |  658.0 |
       Dungeon |   1316 |   1294 |     22 |    841 |    201 |   2 |  658.0 |
               +--------+--------+--------+--------+--------+-----+--------+

Top non-repeatable levels by time:
     D:1: 1055 daAuts
     D:2: 261 daAuts
